 Dungeon Crawl Stone Soup version 0.23.2-33-g5129a83184 (webtiles) character file.

Game seed: 16180739391751576619

73 DildoBatman the Conjurer (level 4, -2/30 HPs)
             Began as a Formicid Wizard on July 9, 2019.
             Killed from afar by Sigmund (5 damage)
             ... with a puff of flame
             ... on level 2 of the Dungeon.
             The game lasted 00:02:22 (1066 turns).

DildoBatman the Conjurer (Formicid Wizard)          Turns: 1066, Time: 00:02:22

Health: -2/30      AC:  8    Str: 12    XL:     4   Next: 51%
Magic:  2/8        EV: 12    Int: 18    God:
Gold:   79         SH:  0    Dex:  9    Spells: 2/9 levels left

rFire    . . .     SeeInvis +   a - +0 club
rCold    . . .     Gourm    .   (no shield)
rNeg     . . .     Faith    .   m - +0 robe
rPois    .         Spirit   .   (helmet unavailable)
rElec    .         Reflect  .   (no cloak)
rCorr    .         Harm     .   (no gloves)
MR       .....                  o - +0 pair of boots
Stlth    ++........             (no amulet)
HPRegen  0.10/turn              h - +5 ring of protection
MPRegen  0.11/turn              (no ring)

@: no status effects
A: permanent stasis, dig shafts and tunnels, four strong arms, antennae 3
a: Dig, Shaft Self


You were on level 2 of the Dungeon.
You were hungry.

You visited 1 branch of the dungeon, and saw 2 of its levels.

You collected 79 gold pieces.

Inventory:

Hand Weapons
 a - a +0 club (weapon)
 b - a +0 halberd
Missiles
 e - 7 tomahawks (quivered)
 f - 34 sling bullets
 j - 56 stones
Armour
 m - a +0 robe (worn)
 o - a +0 pair of boots (worn)
Jewellery
 h - a +5 ring of protection (left hand)
Scrolls
 d - 3 scrolls of teleportation {unknown}
 i - 2 scrolls of identify {unknown}
 k - 2 scrolls of remove curse {unknown}
 l - a scroll of blinking {unknown}
Potions
 g - a potion of berserk rage {unknown}
 n - 2 potions of curing {unknown}
Comestibles
 c - a chunk of flesh
 v - 3 rations


   Skills:
 - Level 1.7 Dodging
 - Level 2.4 Stealth
 - Level 3.2 Spellcasting
 * Level 3.6 Conjurations
   Level 1.0 Summonings
   Level 0.8 Translocations


You had 2 spell levels left.
You knew the following spells:

 Your Spells              Type           Power        Failure   Level  Hunger
a - Conjure Flame         Conj/Fire      #.......     22%         3    ###....
c - Magic Dart            Conj           ###.         3%          1    None
e - Mephitic Cloud        Conj/Pois/Air  #.......     28%         3    ###....

Your spell library contained the following spells:

 Spells                   Type           Power        Failure   Level  Hunger
 Call Imp                 Summ           #.......     16%         2    ##.....
 Slow                     Hex            #.......     24%         2    ##.....
 Blink                    Tloc           Unusable     N/A         2    N/A

Dungeon Overview and Level Annotations

Branches:
Dungeon (2/15)

Altars:

Annotations:
D:2 Sigmund


Innate Abilities, Weirdness & Mutations

You cannot be hasted, slowed, berserked, paralysed or teleported.
You can dig through walls and to a lower floor.
Your four strong arms can wield two-handed weapons with a shield.
You have a pair of large antennae on your head. (SInv)


Message History

Anything else - Cancel.
You shout for attention!
Sigmund hits you with a +0 scythe. What are your orders? t - Shout!
Orders for allies: a - Attack new target. r - Retreat! s - Stop attacking. g - Guard the area. f - Follow me.
Anything else - Cancel.
You shout for attention!
What are your orders? t - Shout!
Orders for allies: a - Attack new target. r - Retreat! s - Stop attacking. g - Guard the area. f - Follow me.
Anything else - Cancel.
You shout for attention!
Sigmund casts a spell at you. The puff of flame hits you.
You die...

#.. .##..
.....#######
..#.........#
#...........#
#.>.........#
#......@....#
#.......@[..#
#..........# #
##..####.###.#
#.>#####.##.#
###.........#
#.#####.### #.#
#.## ###'#####.#
#.........#########


You could see Sigmund (invisible).

Vanquished Creatures
  A hound (D:2)
  A gnoll (D:1)
  A leopard gecko (D:1)
  5 goblins
  7 hobgoblins (D:1)
  3 jackals (D:1)
  A kobold (D:2)
  5 bats
  4 frilled lizards (D:1)
  3 rats (D:1)
31 creatures vanquished.

Notes
Turn   | Place    | Note
-------+----------+-------------------------------------------
     0 | D:1      | DildoBatman the Formicid Wizard began the quest for the
                  | Orb.
     0 | D:1      | Reached XP level 1. HP: 13/13 MP: 4/4
    31 | D:1      | Reached skill level 1 in Conjurations
   227 | D:1      | Reached XP level 2. HP: 19/19 MP: 1/6
   640 | D:1      | Reached XP level 3. HP: 24/24 MP: 0/7
   648 | D:1      | Learned a level 3 spell: Conjure Flame
   652 | D:1      | Learned a level 3 spell: Mephitic Cloud
  1026 | D:2      | Noticed Sigmund
  1051 | D:2      | Reached XP level 4. HP: 14/30 MP: 0/8
  1066 | D:2      | Killed from afar by Sigmund

Skill      XL: |  1  2  3 |
---------------+----------+-----
Conjurations   | 1 2 3 |  3.6
Dodging        | |  1.7
Stealth        | |  2.4
Spellcasting   | |  3.2
Summonings     | |  1.0
Translocations | |  0.8

Action                   |  1- 3 |  4- 6 || total
-------------------------+-------+-------++-------
Melee: Club              |    33 |     1 ||    34
 Cast: Magic Dart        |    66 |       ||    66
 Abil: Dig               |       |     4 ||     4
Armor: Robe              |    25 |     1 ||    26
Dodge: Dodged            |    52 |       ||    52
